 Dungeon Crawl Stone Soup version 0.30-a0-187-gd9c2deaf24 (webtiles) character file.

Game seed: 14796129864667530425

182 Iusername the Trooper (level 5, -3/47 HPs)
             Began as a Minotaur Fighter on Oct 3, 2022.
             Killed by divine providence
             ... invoked by an orc priest
              (14 damage)
             ... on level 3 of the Dungeon.
             The game lasted 00:02:56 (2321 turns).

Iusername the Trooper (Minotaur Fighter)            Turns: 2321, Time: 00:02:56

Health: -3/47      AC:  8    Str: 22    XL:     5   Next: 34%
Magic:  4/4        EV:  9    Int:  5    God:
Gold:   102        SH:  4    Dex: 10    Spells: 4/4 levels left

rFire   . . .      SeeInvis .    p - +1 mace (vorpal)
rCold   . . .      Faith    .    c - +0 buckler
rNeg    . . .      Spirit   .    b - +0 scale mail
rPois   .          Reflect  .    (helmet restricted)
rElec   .          Harm     .    (no cloak)
rCorr   .          Rampage  .    l - +0 pair of gloves
Will    .....                    (no boots)
Stlth   ..........               (no amulet)
HPRegen 0.27/turn                (no ring)
MPRegen 0.09/turn                (no ring)

@: no status effects
A: horns 2, retaliatory headbutt
a: no special abilities


You were on level 3 of the Dungeon.
You visited 1 branch of the dungeon, and saw 3 of its levels.

You collected 102 gold pieces.

Inventory:

Hand Weapons
 a - a +0 trident
 p - a +1 vorpal mace (weapon)
Armour
 b - a +0 scale mail (worn)
 c - a +0 buckler (worn)
 l - a +0 pair of gloves (worn)
Wands
 x - a wand of charming (6)
Scrolls
 e - 4 scrolls of identify {unknown}
 g - a scroll of enchant armour {unknown}
 h - 2 scrolls of teleportation {unknown}
 i - 2 scrolls of summoning {unknown}
 j - a scroll of poison {unknown}
 n - a scroll of fear {unknown}
 q - a scroll of blinking {unknown}
 r - 3 scrolls of noise {unknown}
 s - a scroll of amnesia {unknown}
 v - a scroll of magic mapping {unknown}
Potions
 d - a potion of might
 f - 3 potions of cancellation {unknown}
 k - 3 potions of curing {unknown}
 m - a potion of heal wounds {unknown}
 o - 2 potions of mutation {unknown}
 t - a potion of magic {unknown}
 u - a potion of degeneration {unknown}
 w - a potion of flight {unknown}


   Skills:
 + Level 4.8 Fighting
 + Level 0.4 Maces & Flails
 + Level 3.9 Polearms
 + Level 4.6 Armour
 + Level 0.8 Dodging
 + Level 0.1 Stealth
 + Level 4.6 Shields


You had 4 spell levels left.
You didn't know any spells.
Your spell library contained the following spells:

 Spells                   Type           Power      Damage    Failure   Level
 Freeze                   Ice            0%         1d3       86%         1
 Kiss of Death            Conj/Necr      0%         2d5       86%         1
 Confusing Touch          Hex            0%         N/A       99%         3
 Frozen Ramparts          Ice            0%         1d1       99%         3
 Hailstorm                Conj/Ice       0%         3d3       99%         3
 Teleport Other           Tloc           0%         N/A       99%         3
 Anguish                  Hex/Necr       0%         N/A       100%        4
 Dispel Undead            Necr           0%         3d6       100%        4
 Dispersal                Tloc           0%         N/A       100%        6


Dungeon Overview and Level Annotations

Branches:
Dungeon (3/15)

Altars:


Innate Abilities, Weirdness & Mutations

You have a pair of horns on your head.
You reflexively headbutt those who attack you in melee.


Message History

You hit the orc but do no damage.
The orc is almost dead.
The orc hits you but does no damage. The orc hits you with a +0 club.
You thump the orc!
You kill the orc!
The orc priest looks satisfied for a moment.
The orc barely misses you. You block the orc's attack.
The orc barely misses you.
You hit the orc.
The orc is almost dead.
The orc priest calls upon Beogh to heal the orc.
The orc is healed somewhat.
The orc barely misses you. You block the orc's attack.
You sock the orc!
You kill the orc!
The orc hits you with a +0 morningstar. The orc closely misses you.
You furiously retaliate!
You headbutt the orc. The orc priest hits you with a +0 mace.
You hit the orc but do no damage. Your headbutt misses the orc.
The orc is heavily wounded.
The orc priest casts a cantrip, but nothing happens.
The orc barely misses you. You furiously retaliate!
You headbutt the orc!
You kill the orc!
You closely miss the orc priest.
The orc priest hits you with a +0 mace! x2
* * * LOW HITPOINT WARNING * * *
You are too injured to fight recklessly!
You are too injured to fight recklessly!
You are too injured to fight recklessly!
You are too injured to fight recklessly!
You are too injured to fight recklessly!
You are too injured to fight recklessly!
You are too injured to fight recklessly!
You are too injured to fight recklessly!
You are too injured to fight recklessly!
You are too injured to fight recklessly!
You are too injured to fight recklessly!
You are too injured to fight recklessly!
The orc priest invokes the aid of Beogh against you.
Beogh smites you!
You die...

#... # #.# #........÷..
#.##.## #..#####÷##.
#.#...######..#####.##.
#...............<......
#.#...######.##........
...##.## #####.##. ....
#.#.## #.##. ###
#.###.# #.##. ## #o@#
###.... #.#.# .......
#.... ####### ....## #
###..# # ...# # #.## #
#. #


You could see an orc priest.

Vanquished Creatures
  An iguana (D:3)
  Terence (D:2)
  An orc wizard (D:2)
  3 adders
  2 worms (D:2)
  2 dart slugs
  6 orcs
  5 bats
  3 endoplasms (D:2)
  5 goblins
  7 hobgoblins
  5 jackals
  4 kobolds
  A quokka (D:3)
  5 ball pythons
  6 frilled lizards
  3 rats
60 creatures vanquished.

Notes
Turn   | Place    | Note
-------+----------+-------------------------------------------
     0 | D:1      | Iusername the Minotaur Fighter began the quest for the Orb.
     0 | D:1      | Reached XP level 1. HP: 19/19 MP: 0/0
   216 | D:1      | Reached XP level 2. HP: 27/27 MP: 1/1
   406 | D:1      | Found a faded altar of an unknown god.
   973 | D:2      | Reached XP level 3. HP: 34/34 MP: 2/2
  1048 | D:2      | Reached XP level 4. HP: 38/41 MP: 3/3
  1575 | D:2      | Noticed Terence
  1578 | D:2      | Killed Terence
  1656 | D:3      | Reached XP level 5. HP: 12/47 MP: 4/4
  2212 | D:3      | Got the Precepts of the Vexing Tesseract
  2321 | D:3      | Killed from afar by an orc priest

Illustrated notes

Levels and vault maps discovered:
D:1:      co_arrival_random_square_maze, layout_rooms, serial_co_window_serial,
          co_window_corner_a, co_window_of_opportunity_a,
          co_window_of_opportunity_a, co_window_corner_a, co_window_paths_a,
          co_window_of_opportunity_c, co_window_of_opportunity_c,
          co_window_cross_4, co_window_corner_b, co_window_paths_e,
          glass_columns_c, glass_columns_a, glass_columns_b,
          hellmonk_ecumenical_altar_inner_sanctum, minmay_misc_feat_five
D:2:      layout_loops_ring, minivault_5, minmay_misc_feat_doors,
          grunt_ministairs_15, minmay_box_of_dots, uniq_terence
D:3:      layout_loops_ring

Skill      XL: |  1  2  3  4 |
---------------+-------------+-----
Fighting       | 4 |  4.8
Shields        | 4 |  4.6
Armour         | 4 |  4.6
Polearms       | 3 |  3.9
Maces & Flails | |  0.4
Dodging        | |  0.8
Stealth        | |  0.1

Action                   |  1- 3 |  4- 6 || total
-------------------------+-------+-------++-------
Melee: Trident           |    79 |    32 ||   111
       Headbutt          |    11 |     8 ||    19
       Mace              |       |    33 ||    33
Armor: Scale mail        |    33 |    26 ||    59
Dodge: Dodged            |    28 |    34 ||    62
Block: Buckler           |    14 |    14 ||    28

Table legend: (Time is in decaauts)
 A = Elapsed time spent in this place.
 B = Non-inter-level travel time spent in this place.
 C = Inter-level travel time spent in this place.
 D = Time resting spent in this place.
 E = Time spent auto-exploring this place.
 F = Levels seen in this place.
 G = Mean time per level.
                   A        B        C        D        E       F      G
               +--------+--------+--------+--------+--------+-----+--------+
         Total |   2358 |   2277 |     81 |    330 |   1573 |   3 |  786.0 |
       Dungeon |   2358 |   2277 |     81 |    330 |   1573 |   3 |  786.0 |
               +--------+--------+--------+--------+--------+-----+--------+

Top non-repeatable levels by time:
     D:2: 855 daAuts
     D:1: 800 daAuts
     D:3: 701 daAuts
